Adelaide Pink Elephants vs Santa Cruz Tiger Sharks
Created - Friday, September 15, 2023 at 06:49
Goals
|
| Adelaide Pink Elephants |
3 |
0 |
1 |
4 |
| Santa Cruz Tiger Sharks |
0 |
0 |
2 |
2 |
|
Shots
|
| Adelaide Pink Elephants |
22 |
3 |
6 |
31 |
| Santa Cruz Tiger Sharks |
3 |
12 |
19 |
34 |
|
1st period
1. Adelaide Pink Elephants , Denis Gurianov 7 (Adam Gaudette 4) at 4:43 (PP)
2. Adelaide Pink Elephants , Matthew Phillips 9 (Fredrik Olofsson 9) at 16:18 (PP)
3. Adelaide Pink Elephants , Denis Gurianov 8 (Adam Gaudette 5, Ryan Suzuki 3) at 16:43
Penalties :
Michael Mcleod (SCS) for Tripping (Minor) at 4:40, Tyson Foerster (APE) for Hooking (Minor) at 9:18, Kristians Rubins (SCS) for Close Hand On Puck (Minor) at 16:14, Kailer Yamamoto (SCS) for Fighting (Major) at 16:33, Nick Cicek (APE) for Fighting (Major) at 16:33, Michael Mcleod (SCS) for Interference (Minor) at 19:25
2nd period
No Goal
Penalties :
Nick Cicek (APE) for Holding (Minor) at 15:07
3rd period
4. Santa Cruz Tiger Sharks , Michael Mcleod 7 (Jesper Boqvist 7) at 5:14
5. Santa Cruz Tiger Sharks , Henri Jokiharju 3 (Zachary Sanford 5, Tobias Bjornfot 4) at 5:45 (PP)
6. Adelaide Pink Elephants , Adam Gaudette 8 (AJ Greer 8, Denis Gurianov 9) at 19:36 (Empty Net)
Penalties :
Adam Gaudette (APE) for Hooking (Minor) at 0:54, Ryan Suzuki (APE) for Holding (Minor) at 5:32, Kristians Rubins (SCS) for Fighting (Major) at 7:30, Nick Cicek (APE) for Fighting (Major) at 7:30, Caleb Jones (APE) for Goalie Interference (Minor) at 11:32, Tyler Benson (SCS) for Hooking (Minor) at 14:40
Goalie Stats
Dustin Wolf (APE), 32 saves from 34 shots - (0.941), W, 7-4-2, 60:00 minutes
Joey Daccord (SCS), 27 saves from 30 shots - (0.900), L, 8-4-1, 59:03 minutes
Players Stats for Adelaide Pink Elephants
Player Name G A P +/- PIM S H SB GA TA FO MP PP MP PK MP
------------------------------------------------------------------------------------
Aatu Raty 0 0 0 0 0 0 0 1 0 0 0/0 3:17 0:17 0:19
Adam Gaudette 1 2 3 1 2 7 1 1 0 1 9/17 23:24 1:48 3:02
AJ Greer 0 1 1 0 0 4 1 1 0 0 0/1 20:00 1:40 3:52
Alex Vlasic 0 0 0 0 0 0 1 0 0 0 0/0 7:02 0:00 0:00
Axel Jonsson-Fjallby 0 0 0 0 0 0 0 1 1 0 0/1 14:47 0:05 1:11
Benjamin Gleason 0 0 0 0 0 0 0 1 0 0 0/0 8:30 0:00 0:59
Caleb Jones 0 0 0 0 2 2 1 1 0 1 0/0 19:25 1:53 3:02
Denis Gurianov 2 1 3 1 0 9 1 0 0 0 1/4 24:10 1:50 3:58
Fredrik Olofsson 0 1 1 0 0 2 2 0 0 2 0/0 17:01 2:09 0:08
Jacob Bernard-Docker 0 0 0 1 0 0 2 0 0 0 0/0 20:20 2:12 3:56
Matthew Phillips 1 0 1 0 0 2 2 2 0 0 8/17 20:29 2:12 3:48
Nick Cicek 0 0 0 0 12 0 1 1 2 3 0/0 15:39 0:45 2:55
Robin Salo 0 0 0 0 0 0 0 0 0 0 0/0 14:54 1:08 0:00
Ryan Suzuki 0 1 1 1 2 4 4 1 0 0 9/15 17:16 0:00 0:00
Tristen Robins 0 0 0 0 0 1 2 0 0 0 4/6 13:47 0:05 0:00
Tyson Foerster 0 0 0 0 2 0 0 0 0 0 1/2 16:52 2:09 0:00
Ville Heinola 0 0 0 0 0 0 0 1 0 0 0/0 14:31 0:00 1:30
Zachary Jones 0 0 0 1 0 0 2 1 0 1 0/0 20:20 2:12 3:56
Players Stats for Santa Cruz Tiger Sharks
Player Name G A P +/- PIM S H SB GA TA FO MP PP MP PK MP
------------------------------------------------------------------------------------
Adam Wilsby 0 0 0 0 0 2 0 0 0 0 0/0 14:02 0:00 0:00
Alex True 0 0 0 0 0 2 2 0 0 1 1/4 13:39 0:08 1:11
Brandon Biro 0 0 0 0 0 1 1 0 1 0 0/0 11:40 0:00 0:00
David Gustafsson 0 0 0 -1 0 0 1 0 0 0 4/6 14:08 0:24 0:51
Henri Jokiharju 1 0 1 -1 0 3 2 0 1 0 0/0 23:51 4:05 2:04
Hunter Drew 0 0 0 0 0 1 1 0 0 0 1/1 15:31 4:04 0:00
Jack Roslovic 0 0 0 -2 0 4 2 0 1 0 9/23 19:33 3:43 2:11
Jesper Boqvist 0 1 1 1 0 5 1 0 1 0 0/1 16:11 4:07 0:00
Kailer Yamamoto 0 0 0 -1 5 4 2 1 1 1 0/1 17:13 3:43 0:55
Kevin Rooney 0 0 0 0 0 1 0 0 0 0 3/8 11:22 0:19 0:00
Kristians Rubins 0 0 0 0 7 0 1 0 0 0 0/0 13:34 0:00 0:00
Michael Mcleod 1 0 1 1 4 4 1 0 0 0 13/18 17:19 4:07 1:08
Sean Day 0 0 0 0 0 2 1 0 0 0 0/0 21:35 4:04 2:04
Steven Lorentz 0 0 0 -2 0 0 1 0 0 0 0/1 19:10 3:49 1:54
Tobias Bjornfot 0 1 1 -1 0 0 1 0 0 0 0/0 23:51 4:05 2:01
Tyler Benson 0 0 0 0 2 0 0 0 2 0 0/0 10:14 0:00 0:00
Vincent Iorio 0 0 0 0 0 1 1 1 0 0 0/0 16:38 0:00 2:01
Zachary Sanford 0 1 1 1 0 4 0 0 1 1 0/0 16:18 4:07 0:00
3 Stars
1 - Denis Gurianov (APE)
2 - Adam Gaudette (APE)
3 - Dustin Wolf (APE)
Power Play
Adelaide Pink Elephants - 2 on 4 Attempt(s) - 50.00%
Santa Cruz Tiger Sharks - 1 on 5 Attempt(s) - 20.00%
Penalty Kill
Adelaide Pink Elephants - 4 on 5 Attempt(s) - 80.00%
- Score 0 goal in Penalty Kill
Santa Cruz Tiger Sharks - 2 on 4 Attempt(s) - 50.00%
- Score 0 goal in Penalty Kill
Team Stat
Adelaide Pink Elephants - Hits : 20 - Faceoff Wins : 32 - Blocked Shots : 12 - Penalty Minutes : 20
Santa Cruz Tiger Sharks - Hits : 18 - Faceoff Wins : 31 - Blocked Shots : 2 - Penalty Minutes : 18
Official
Referees : Dan O'Rourke and TJ Luxmore
Linesman : Kiel Murchison and Brandon Gawryletz
Game Notes
Kailer Yamamoto and Nick Cicek fight to a draw at 16:33 of 1st period
Kristians Rubins and Nick Cicek fight to a draw at 7:30 of 3rd period
Adam Gaudette has scored in a empty net!
Adelaide Pink Elephants
5 vs 5 Forward
Center Left Wing Right Wing Time % Phy DF OF
1 Adam Gaudette Denis Gurianov AJ Greer 30 1 2 2
2 Matthew Phillips Fredrik Olofsson Tyson Foerster 30 1 2 2
3 Tristen Robins Axel Jonsson-Fjallby Ryan Suzuki 25 1 2 2
4 Ryan Suzuki Denis Gurianov Adam Gaudette 15 1 2 2
5 vs 5 Defense
Defense Defense Time % Phy DF OF
1 Caleb Jones Nick Cicek 30 1 2 2
2 Jacob Bernard-Docker Zachary Jones 30 1 2 2
3 Robin Salo Ville Heinola 25 1 2 2
4 Benjamin Gleason Alex Vlasic 15 1 2 2
PowerPlay Forward
Center Left Wing Right Wing Time % Phy DF OF
1 Adam Gaudette Denis Gurianov AJ Greer 50 1 2 2
2 Matthew Phillips Fredrik Olofsson Tyson Foerster 50 1 2 2
PowerPlay Defense
Defense Defense Time % Phy DF OF
1 Caleb Jones Nick Cicek 50 1 2 2
2 Jacob Bernard-Docker Zachary Jones 50 1 2 2
Penalty Kill 4 Players Forward
Center Wing Time % Phy DF OF
1 Denis Gurianov Adam Gaudette 50 1 2 2
2 Matthew Phillips AJ Greer 50 1 2 2
Penalty Kill 4 Players Defense
Defense Defense Time % Phy DF OF
1 Caleb Jones Nick Cicek 50 1 2 2
2 Jacob Bernard-Docker Zachary Jones 50 1 2 2
Penalty Kill - 3 Players Forward
Forward Time % Phy DF OF
1 Denis Gurianov 50 1 2 2
2 Adam Gaudette 50 1 2 2
Penalty Kill - 3 Players Defense
Defense Defense Time % Phy DF OF
1 Caleb Jones Nick Cicek 50 1 2 2
2 Jacob Bernard-Docker Zachary Jones 50 1 2 2
4 vs 4 Forward
Center Wing Time % Phy DF OF
1 Denis Gurianov Adam Gaudette 50 1 2 2
2 Matthew Phillips AJ Greer 50 1 2 2
4 vs 4 Defense
Defense Defense Time % Phy DF OF
1 Caleb Jones Nick Cicek 50 1 2 2
2 Jacob Bernard-Docker Zachary Jones 50 1 2 2
Last Minutes Offensive
Center Left Wing Right Wing Defense Defense
Adam Gaudette Denis Gurianov AJ Greer Caleb Jones Nick Cicek
Last Minutes Defensive
Center Left Wing Right Wing Defense Defense
Adam Gaudette Denis Gurianov AJ Greer Caleb Jones Nick Cicek
Goaltenders
Starting : Dustin Wolf
Backup : Matthew Murray
Extra Forwards
Normal : Aatu Raty, Tristen Robins, Axel Jonsson-Fjallby - PP : Aatu Raty, Tristen Robins - PK : Axel Jonsson-Fjallby
Extra Defensemen
Normal : Robin Salo, Ville Heinola, Benjamin Gleason - PP : Robin Salo - PK : Ville Heinola, Benjamin Gleason
Penalty Shots
Denis Gurianov, Adam Gaudette, Matthew Phillips, AJ Greer, Tristen Robins
Santa Cruz Tiger Sharks
5 vs 5 Forward
Center Left Wing Right Wing Time % Phy DF OF
1 Jack Roslovic Steven Lorentz Kailer Yamamoto 30 1 2 2
2 Michael Mcleod Zachary Sanford Jesper Boqvist 30 1 2 2
3 David Gustafsson Brandon Biro Alex True 25 1 2 2
4 Kevin Rooney Tyler Benson Hunter Drew 15 1 2 2
5 vs 5 Defense
Defense Defense Time % Phy DF OF
1 Henri Jokiharju Tobias Bjornfot 35 1 2 2
2 Sean Day Vincent Iorio 35 1 2 2
3 Kristians Rubins Adam Wilsby 30 1 2 2
4 Henri Jokiharju Sean Day 0 1 2 2
PowerPlay Forward
Center Left Wing Right Wing Time % Phy DF OF
1 Jack Roslovic Steven Lorentz Kailer Yamamoto 50 1 2 2
2 Michael Mcleod Zachary Sanford Jesper Boqvist 50 1 2 2
PowerPlay Defense
Defense Defense Time % Phy DF OF
1 Henri Jokiharju Tobias Bjornfot 50 1 2 2
2 Sean Day Hunter Drew 50 1 2 2
Penalty Kill 4 Players Forward
Center Wing Time % Phy DF OF
1 Jack Roslovic Michael Mcleod 50 1 2 2
2 Kailer Yamamoto Steven Lorentz 50 1 2 2
Penalty Kill 4 Players Defense
Defense Defense Time % Phy DF OF
1 Henri Jokiharju Sean Day 50 1 2 2
2 Vincent Iorio Tobias Bjornfot 50 1 2 2
Penalty Kill - 3 Players Forward
Forward Time % Phy DF OF
1 Jack Roslovic 50 1 2 2
2 Michael Mcleod 50 1 2 2
Penalty Kill - 3 Players Defense
Defense Defense Time % Phy DF OF
1 Henri Jokiharju Tobias Bjornfot 50 1 2 2
2 Adam Wilsby Vincent Iorio 50 1 2 2
4 vs 4 Forward
Center Wing Time % Phy DF OF
1 Jack Roslovic Michael Mcleod 50 1 2 2
2 Kailer Yamamoto Steven Lorentz 50 1 2 2
4 vs 4 Defense
Defense Defense Time % Phy DF OF
1 Tobias Bjornfot Henri Jokiharju 50 1 2 2
2 Kristians Rubins Sean Day 50 1 2 2
Last Minutes Offensive
Center Left Wing Right Wing Defense Defense
Jack Roslovic Steven Lorentz Kailer Yamamoto Henri Jokiharju Tobias Bjornfot
Last Minutes Defensive
Center Left Wing Right Wing Defense Defense
Jack Roslovic Steven Lorentz Kailer Yamamoto Henri Jokiharju Tobias Bjornfot
Goaltenders
Starting : Joey Daccord
Backup : Felix Sandstrom
Extra Forwards
Normal : David Gustafsson, Kevin Rooney, Alex True - PP : David Gustafsson, Kevin Rooney - PK : Alex True
Extra Defensemen
Normal : Kristians Rubins, Adam Wilsby, Hunter Drew - PP : Henri Jokiharju - PK : Sean Day, Henri Jokiharju
Penalty Shots
Jack Roslovic, Michael Mcleod, Kailer Yamamoto, Steven Lorentz, Zachary Sanford
% Time on Ice - Adelaide Pink Elephants
Lines # - Real PCT - Wanted PCT - Time Play
Normal Forward
1 - 29% - 30% - 13:47
2 - 32% - 30% - 15:07
3 - 28% - 25% - 13:19
4 - 10% - 15% - 4:44
Normal Defense
1 - 30% - 30% - 14:19
2 - 30% - 30% - 14:12
3 - 24% - 25% - 11:24
4 - 15% - 15% - 7:02
PP Forward
1 - 46% - 50% - 1:53
2 - 54% - 50% - 2:12
PP Defense
1 - 46% - 50% - 1:53
2 - 54% - 50% - 2:12
PK Forward
1 - 53% - 50% - 4:21
2 - 47% - 50% - 3:48
PK Defense
1 - 52% - 50% - 4:13
2 - 48% - 50% - 3:56
PK3 Forward
1 - 0% - 50%
2 - 0% - 50%
PK3 Defense
1 - 0% - 50%
2 - 0% - 50%
44 Forward
1 - 0% - 50%
2 - 0% - 50%
44 Defense
1 - 0% - 50%
2 - 0% - 50%
Last Minute Offensive - 0:00
Last Minute Defensive - 0:49
Total
Forward - 60:00
Defense - 60:00
|
% Time on Ice - Santa Cruz Tiger Sharks
Lines # - Real PCT - Wanted PCT - Time Play
Normal Forward
1 - 27% - 30% - 12:44
2 - 26% - 30% - 12:16
3 - 25% - 25% - 11:40
4 - 22% - 15% - 10:14
Normal Defense
1 - 36% - 35% - 16:50
2 - 34% - 35% - 16:02
3 - 30% - 30% - 14:02
4 - 0% - 0% - 0:00
PP Forward
1 - 48% - 50% - 3:57
2 - 52% - 50% - 4:12
PP Defense
1 - 50% - 50% - 4:05
2 - 50% - 50% - 4:04
PK Forward
1 - 53% - 50% - 2:11
2 - 47% - 50% - 1:54
PK Defense
1 - 51% - 50% - 2:04
2 - 49% - 50% - 2:01
PK3 Forward
1 - 0% - 50%
2 - 0% - 50%
PK3 Defense
1 - 0% - 50%
2 - 0% - 50%
44 Forward
1 - 0% - 50%
2 - 0% - 50%
44 Defense
1 - 0% - 50%
2 - 0% - 50%
Last Minute Offensive - 0:52
Last Minute Defensive - 0:00
Total
Forward - 60:00
Defense - 60:00
|
Play-by-Play
1st period
0:01 of 1st period - Adam Gaudette wins face-off versus Jack Roslovic in neutral zone.
0:30 of 1st period - Wrist shot by Matthew Phillips.
0:30 of 1st period - Deflect By Tyson Foerster.
0:30 of 1st period - Shot Misses the Net.
0:30 of 1st period - Puck is out of play.
0:31 of 1st period - Alex True wins face-off versus Matthew Phillips in Santa Cruz Tiger Sharks zone.
2:05 of 1st period - Brandon Biro is hit by Ryan Suzuki and loses puck.
2:15 of 1st period - Off-side.
2:16 of 1st period - Ryan Suzuki wins face-off versus Kevin Rooney in neutral zone.
2:21 of 1st period - Wrist shot by Denis Gurianov.
2:21 of 1st period - Stopped by Joey Daccord with a rebound.
2:54 of 1st period - Icing by Alex Vlasic.
2:55 of 1st period - Matthew Phillips wins face-off versus Jack Roslovic in Adelaide Pink Elephants zone.
2:55 of 1st period - Matthew Phillips is hit by Jack Roslovic.
3:41 of 1st period - Wrist shot by Matthew Phillips.
3:41 of 1st period - Stopped by Joey Daccord without a rebound.
3:42 of 1st period - David Gustafsson wins face-off versus Tyson Foerster in Santa Cruz Tiger Sharks zone.
4:15 of 1st period - Snap shot by Ryan Suzuki.
4:15 of 1st period - Stopped by Joey Daccord without a rebound.
4:16 of 1st period - Michael Mcleod wins face-off versus Ryan Suzuki in Santa Cruz Tiger Sharks zone.
4:25 of 1st period - Wrist shot by Jesper Boqvist.
4:25 of 1st period - Deflect By Zachary Sanford.
4:25 of 1st period - Shot Blocked by Nick Cicek.
4:25 of 1st period - Puck is out of play.
4:26 of 1st period - Michael Mcleod wins face-off versus Ryan Suzuki in Adelaide Pink Elephants zone.
4:40 of 1st period - Minor Penalty to Michael Mcleod for Tripping.
4:41 of 1st period - Adam Gaudette wins face-off versus Jack Roslovic in Santa Cruz Tiger Sharks zone.
4:43 of 1st period - Snap shot by Denis Gurianov.
4:43 of 1st period - Goal by Denis Gurianov - Adelaide Pink Elephants : 1 - Santa Cruz Tiger Sharks : 0.
4:44 of 1st period - Adam Gaudette wins face-off versus Alex True in neutral zone.
4:57 of 1st period - Wrist shot by Brandon Biro.
4:57 of 1st period - Shot Blocked by AJ Greer.
4:59 of 1st period - Slapshot by Henri Jokiharju.
4:59 of 1st period - Deflect By Denis Gurianov.
4:59 of 1st period - Stopped by Dustin Wolf with a rebound.
5:09 of 1st period - Kailer Yamamoto is hit by Tristen Robins and loses puck.
5:20 of 1st period - Snap shot by Ryan Suzuki.
5:20 of 1st period - Stopped by Joey Daccord without a rebound.
5:21 of 1st period - Matthew Phillips wins face-off versus Kevin Rooney in Santa Cruz Tiger Sharks zone.
5:28 of 1st period - Slapshot by Caleb Jones.
5:28 of 1st period - Stopped by Joey Daccord without a rebound.
5:29 of 1st period - Kevin Rooney wins face-off versus Matthew Phillips in Santa Cruz Tiger Sharks zone.
5:36 of 1st period - Wrist shot by Kevin Rooney.
5:36 of 1st period - Shot Misses the Net.
6:03 of 1st period - Michael Mcleod is hit by AJ Greer and loses puck.
6:18 of 1st period - Wrist shot by Brandon Biro.
6:18 of 1st period - Shot Blocked by Ryan Suzuki.
6:20 of 1st period - Snap shot by Alex True.
6:20 of 1st period - Stopped by Dustin Wolf with a rebound.
6:22 of 1st period - Slapshot by Vincent Iorio.
6:22 of 1st period - Deflect By David Gustafsson.
6:22 of 1st period - Shot Misses the Net.
6:22 of 1st period - Puck is out of play.
6:23 of 1st period - Adam Gaudette wins face-off versus Jack Roslovic in Adelaide Pink Elephants zone.
6:30 of 1st period - Snap shot by Denis Gurianov.
6:30 of 1st period - Stopped by Joey Daccord with a rebound.
7:16 of 1st period - Slapshot by Tyson Foerster.
7:16 of 1st period - Shot Misses the Net.
8:34 of 1st period - Slapshot by Kevin Rooney.
8:34 of 1st period - Shot Misses the Net.
8:44 of 1st period - Hunter Drew is hit by Ryan Suzuki and loses puck.
9:18 of 1st period - Minor Penalty to Tyson Foerster for Hooking.
9:19 of 1st period - Matthew Phillips wins face-off versus Jack Roslovic in Adelaide Pink Elephants zone.
11:18 of 1st period - Penalty to Tyson Foerster is over, Tyson Foerster is back on ice.
12:15 of 1st period - Denis Gurianov is hit by Kailer Yamamoto and loses puck.
13:48 of 1st period - Matthew Phillips is hit by Kailer Yamamoto and loses puck.
15:03 of 1st period - Icing by Nick Cicek.
15:04 of 1st period - Michael Mcleod wins face-off versus Matthew Phillips in Adelaide Pink Elephants zone.
15:05 of 1st period - Snap shot by Zachary Sanford.
15:05 of 1st period - Stopped by Dustin Wolf without a rebound.
15:06 of 1st period - Adam Gaudette wins face-off versus Kevin Rooney in Adelaide Pink Elephants zone.
15:13 of 1st period - Snap shot by AJ Greer.
15:13 of 1st period - Stopped by Joey Daccord without a rebound.
15:14 of 1st period - Kevin Rooney wins face-off versus Adam Gaudette in Santa Cruz Tiger Sharks zone.
15:14 of 1st period - Kevin Rooney is hit by Jacob Bernard-Docker.
15:28 of 1st period - Snap shot by AJ Greer.
15:28 of 1st period - Stopped by Joey Daccord with a rebound.
15:32 of 1st period - Snap shot by AJ Greer.
15:32 of 1st period - Stopped by Joey Daccord without a rebound.
15:33 of 1st period - Tristen Robins wins face-off versus Jack Roslovic in Santa Cruz Tiger Sharks zone.
15:48 of 1st period - Snap shot by Ryan Suzuki.
15:48 of 1st period - Stopped by Joey Daccord with a rebound.
15:58 of 1st period - Snap shot by Adam Gaudette.
15:58 of 1st period - Stopped by Joey Daccord with a rebound.
16:00 of 1st period - Snap shot by Jacob Bernard-Docker.
16:00 of 1st period - Shot Misses the Net.
16:02 of 1st period - Slapshot by Adam Gaudette.
16:02 of 1st period - Stopped by Joey Daccord with a rebound.
16:04 of 1st period - Snap shot by AJ Greer.
16:04 of 1st period - Shot Misses the Net.
16:06 of 1st period - Wrist shot by AJ Greer.
16:06 of 1st period - Stopped by Joey Daccord with a rebound.
16:08 of 1st period - Wrist shot by Adam Gaudette.
16:08 of 1st period - Stopped by Joey Daccord with a rebound.
16:14 of 1st period - Minor Penalty to Kristians Rubins for Close Hand On Puck.
16:15 of 1st period - Matthew Phillips wins face-off versus Kailer Yamamoto in Santa Cruz Tiger Sharks zone.
16:18 of 1st period - Wrist shot by Matthew Phillips.
16:18 of 1st period - Goal by Matthew Phillips - Adelaide Pink Elephants : 2 - Santa Cruz Tiger Sharks : 0.
16:19 of 1st period - Ryan Suzuki wins face-off versus Jack Roslovic in neutral zone.
16:24 of 1st period - Icing by Henri Jokiharju.
16:25 of 1st period - Ryan Suzuki wins face-off versus Jack Roslovic in Santa Cruz Tiger Sharks zone.
16:26 of 1st period - Wrist shot by Denis Gurianov.
16:26 of 1st period - Stopped by Joey Daccord with a rebound.
16:33 of 1st period - Kailer Yamamoto and Nick Cicek fight to a draw.
16:33 of 1st period - Penalty to Kailer Yamamoto for Fighting.
16:33 of 1st period - Penalty to Nick Cicek for Fighting.
16:34 of 1st period - Ryan Suzuki wins face-off versus Jack Roslovic in Santa Cruz Tiger Sharks zone.
16:37 of 1st period - Snap shot by Adam Gaudette.
16:37 of 1st period - Deflect By Ryan Suzuki.
16:37 of 1st period - Stopped by Joey Daccord with a rebound.
16:39 of 1st period - Snap shot by Adam Gaudette.
16:39 of 1st period - Shot Misses the Net.
16:41 of 1st period - Snap shot by Denis Gurianov.
16:41 of 1st period - Stopped by Joey Daccord with a rebound.
16:43 of 1st period - Slapshot by Denis Gurianov.
16:43 of 1st period - Goal by Denis Gurianov - Adelaide Pink Elephants : 3 - Santa Cruz Tiger Sharks : 0.
16:44 of 1st period - Denis Gurianov wins face-off versus Jack Roslovic in neutral zone.
17:41 of 1st period - Wrist shot by Jesper Boqvist.
17:41 of 1st period - Shot Misses the Net.
17:53 of 1st period - Snap shot by Denis Gurianov.
17:53 of 1st period - Stopped by Joey Daccord with a rebound.
17:55 of 1st period - Wrist shot by Adam Gaudette.
17:55 of 1st period - Stopped by Joey Daccord without a rebound.
17:56 of 1st period - Hunter Drew wins face-off versus Adam Gaudette in Santa Cruz Tiger Sharks zone.
19:03 of 1st period - Wrist shot by Kevin Rooney.
19:03 of 1st period - Shot Misses the Net.
19:08 of 1st period - Off-side.
19:09 of 1st period - Michael Mcleod wins face-off versus Matthew Phillips in neutral zone.
19:25 of 1st period - Minor Penalty to Michael Mcleod for Interference.
19:26 of 1st period - Tyson Foerster wins face-off versus Jack Roslovic in Santa Cruz Tiger Sharks zone.
19:55 of 1st period - Jack Roslovic is hit by Fredrik Olofsson and loses puck.
Goals for this period are 3 for Adelaide Pink Elephants vs 0 for Santa Cruz Tiger Sharks.
Shots for this period are 22 for Adelaide Pink Elephants vs 3 for Santa Cruz Tiger Sharks.
2nd period
0:01 of 2nd period - Adam Gaudette wins face-off versus Alex True in neutral zone.
1:25 of 2nd period - Penalty to Michael Mcleod is over, Michael Mcleod is back on ice.
2:38 of 2nd period - Tristen Robins is hit by Vincent Iorio and loses puck.
5:13 of 2nd period - Snap shot by Brandon Biro.
5:13 of 2nd period - Shot Misses the Net.
5:31 of 2nd period - Snap shot by Kailer Yamamoto.
5:31 of 2nd period - Shot Blocked by Adam Gaudette.
6:01 of 2nd period - Snap shot by Kailer Yamamoto.
6:01 of 2nd period - Stopped by Dustin Wolf without a rebound.
6:02 of 2nd period - Jack Roslovic wins face-off versus Tristen Robins in Adelaide Pink Elephants zone.
6:05 of 2nd period - Slapshot by Jack Roslovic.
6:05 of 2nd period - Shot Blocked by Axel Jonsson-Fjallby.
7:09 of 2nd period - Wrist shot by David Gustafsson.
7:09 of 2nd period - Shot Misses the Net.
8:17 of 2nd period - Off-side.
8:18 of 2nd period - David Gustafsson wins face-off versus Adam Gaudette in neutral zone.
8:21 of 2nd period - AJ Greer is hit by David Gustafsson and loses puck.
9:07 of 2nd period - Snap shot by Kailer Yamamoto.
9:07 of 2nd period - Stopped by Dustin Wolf with a rebound.
9:29 of 2nd period - Tyson Foerster is hit by Henri Jokiharju and loses puck.
9:44 of 2nd period - Kristians Rubins is hit by Ryan Suzuki and loses puck.
10:21 of 2nd period - Adam Gaudette is hit by Kristians Rubins and loses puck.
10:40 of 2nd period - Robin Salo is hit by Sean Day and loses puck.
10:52 of 2nd period - Icing by Ville Heinola.
10:53 of 2nd period - Kevin Rooney wins face-off versus Adam Gaudette in Adelaide Pink Elephants zone.
10:54 of 2nd period - Snap shot by Tyler Benson.
10:54 of 2nd period - Shot Misses the Net.
11:24 of 2nd period - Snap shot by Denis Gurianov.
11:24 of 2nd period - Shot Misses the Net.
11:26 of 2nd period - Wrist shot by Denis Gurianov.
11:26 of 2nd period - Stopped by Joey Daccord without a rebound.
11:27 of 2nd period - Michael Mcleod wins face-off versus Matthew Phillips in Santa Cruz Tiger Sharks zone.
12:37 of 2nd period - Snap shot by Kailer Yamamoto.
12:37 of 2nd period - Stopped by Dustin Wolf with a rebound.
12:39 of 2nd period - Snap shot by Sean Day.
12:39 of 2nd period - Stopped by Dustin Wolf with a rebound.
12:41 of 2nd period - Slapshot by Vincent Iorio.
12:41 of 2nd period - Stopped by Dustin Wolf with a rebound.
12:43 of 2nd period - Wrist shot by Jack Roslovic.
12:43 of 2nd period - Stopped by Dustin Wolf without a rebound.
12:44 of 2nd period - Michael Mcleod wins face-off versus Matthew Phillips in Adelaide Pink Elephants zone.
12:45 of 2nd period - Wrist shot by Jesper Boqvist.
12:45 of 2nd period - Shot Misses the Net.
12:47 of 2nd period - Wrist shot by Michael Mcleod.
12:47 of 2nd period - Stopped by Dustin Wolf with a rebound.
12:49 of 2nd period - Slapshot by Tobias Bjornfot.
12:49 of 2nd period - Shot Misses the Net.
12:51 of 2nd period - Slapshot by Henri Jokiharju.
12:51 of 2nd period - Shot Blocked by Matthew Phillips.
13:09 of 2nd period - Ryan Suzuki is hit by Jack Roslovic and loses puck.
13:36 of 2nd period - Wrist shot by Kevin Rooney.
13:36 of 2nd period - Shot Misses the Net.
13:38 of 2nd period - Slapshot by Adam Wilsby.
13:38 of 2nd period - Shot Misses the Net.
14:08 of 2nd period - Off-side.
14:09 of 2nd period - Michael Mcleod wins face-off versus Axel Jonsson-Fjallby in neutral zone.
14:16 of 2nd period - Slapshot by Zachary Sanford.
14:16 of 2nd period - Deflect By Michael Mcleod.
14:16 of 2nd period - Stopped by Dustin Wolf without a rebound.
14:17 of 2nd period - Tristen Robins wins face-off versus Michael Mcleod in Adelaide Pink Elephants zone.
14:28 of 2nd period - Slapshot by Michael Mcleod.
14:28 of 2nd period - Deflect By Zachary Sanford.
14:28 of 2nd period - Stopped by Dustin Wolf without a rebound.
14:29 of 2nd period - Jack Roslovic wins face-off versus Matthew Phillips in Adelaide Pink Elephants zone.
14:38 of 2nd period - Henri Jokiharju is hit by Matthew Phillips and loses puck.
14:43 of 2nd period - Snap shot by Fredrik Olofsson.
14:43 of 2nd period - Stopped by Joey Daccord with a rebound.
14:45 of 2nd period - Snap shot by Tyson Foerster.
14:45 of 2nd period - Shot Blocked by Kailer Yamamoto.
14:55 of 2nd period - Denis Gurianov is hit by Jesper Boqvist and loses puck.
15:07 of 2nd period - Minor Penalty to Nick Cicek for Holding.
15:08 of 2nd period - Michael Mcleod wins face-off versus Denis Gurianov in Adelaide Pink Elephants zone.
15:10 of 2nd period - Snap shot by Michael Mcleod.
15:10 of 2nd period - Stopped by Dustin Wolf with a rebound.
15:12 of 2nd period - Wrist shot by Sean Day.
15:12 of 2nd period - Stopped by Dustin Wolf with a rebound.
15:14 of 2nd period - Snap shot by Jesper Boqvist.
15:14 of 2nd period - Stopped by Dustin Wolf without a rebound.
15:15 of 2nd period - Michael Mcleod wins face-off versus Denis Gurianov in Adelaide Pink Elephants zone.
15:48 of 2nd period - Wrist shot by Michael Mcleod.
15:48 of 2nd period - Deflect By Jesper Boqvist.
15:48 of 2nd period - Shot Misses the Net.
15:48 of 2nd period - Puck is out of play.
15:49 of 2nd period - Matthew Phillips wins face-off versus Jack Roslovic in Adelaide Pink Elephants zone.
15:49 of 2nd period - Matthew Phillips is hit by Steven Lorentz.
16:43 of 2nd period - Zachary Sanford is hit by Zachary Jones and loses puck.
17:07 of 2nd period - Penalty to Nick Cicek is over, Nick Cicek is back on ice.
17:12 of 2nd period - Wrist shot by Adam Gaudette.
17:12 of 2nd period - Stopped by Joey Daccord with a rebound.
18:15 of 2nd period - Slapshot by Fredrik Olofsson.
18:15 of 2nd period - Shot Misses the Net.
19:24 of 2nd period - Hunter Drew is hit by Matthew Phillips and loses puck.
Goals for this period are 0 for Adelaide Pink Elephants vs 0 for Santa Cruz Tiger Sharks.
Shots for this period are 3 for Adelaide Pink Elephants vs 12 for Santa Cruz Tiger Sharks.
3rd period
0:01 of 3rd period - Ryan Suzuki wins face-off versus Jack Roslovic in neutral zone.
0:06 of 3rd period - Wrist shot by Adam Gaudette.
0:06 of 3rd period - Stopped by Joey Daccord with a rebound.
0:12 of 3rd period - Snap shot by Denis Gurianov.
0:12 of 3rd period - Shot Misses the Net.
0:18 of 3rd period - Robin Salo is hit by Henri Jokiharju and loses puck.
0:31 of 3rd period - Slapshot by Fredrik Olofsson.
0:31 of 3rd period - Stopped by Joey Daccord without a rebound.
0:32 of 3rd period - Matthew Phillips wins face-off versus Michael Mcleod in Santa Cruz Tiger Sharks zone.
0:47 of 3rd period - Slapshot by Zachary Sanford.
0:47 of 3rd period - Stopped by Dustin Wolf without a rebound.
0:48 of 3rd period - Jack Roslovic wins face-off versus Denis Gurianov in Adelaide Pink Elephants zone.
0:49 of 3rd period - Wrist shot by Kailer Yamamoto.
0:49 of 3rd period - Shot Misses the Net.
0:51 of 3rd period - Slapshot by Adam Wilsby.
0:51 of 3rd period - Stopped by Dustin Wolf without a rebound.
0:52 of 3rd period - Ryan Suzuki wins face-off versus Steven Lorentz in Adelaide Pink Elephants zone.
0:54 of 3rd period - Minor Penalty to Adam Gaudette for Hooking.
0:55 of 3rd period - Jack Roslovic wins face-off versus Matthew Phillips in Adelaide Pink Elephants zone.
2:54 of 3rd period - Penalty to Adam Gaudette is over, Adam Gaudette is back on ice.
3:00 of 3rd period - Fredrik Olofsson is hit by Alex True and loses puck.
4:48 of 3rd period - Sean Day is hit by Alex Vlasic.
4:49 of 3rd period - Icing by Sean Day.
4:50 of 3rd period - Tristen Robins wins face-off versus Alex True in Santa Cruz Tiger Sharks zone.
5:05 of 3rd period - Snap shot by Kailer Yamamoto.
5:05 of 3rd period - Shot Misses the Net.
5:07 of 3rd period - Slapshot by Jack Roslovic.
5:07 of 3rd period - Stopped by Dustin Wolf without a rebound.
5:08 of 3rd period - Michael Mcleod wins face-off versus Adam Gaudette in Adelaide Pink Elephants zone.
5:14 of 3rd period - Wrist shot by Michael Mcleod.
5:14 of 3rd period - Goal by Michael Mcleod - Adelaide Pink Elephants : 3 - Santa Cruz Tiger Sharks : 1.
5:15 of 3rd period - Ryan Suzuki wins face-off versus Michael Mcleod in neutral zone.
5:17 of 3rd period - Off-side.
5:18 of 3rd period - Ryan Suzuki wins face-off versus Michael Mcleod in neutral zone.
5:25 of 3rd period - Snap shot by Jesper Boqvist.
5:25 of 3rd period - Stopped by Dustin Wolf without a rebound.
5:26 of 3rd period - Michael Mcleod wins face-off versus Ryan Suzuki in Adelaide Pink Elephants zone.
5:29 of 3rd period - Snap shot by Jesper Boqvist.
5:29 of 3rd period - Stopped by Dustin Wolf without a rebound.
5:30 of 3rd period - Ryan Suzuki wins face-off versus Michael Mcleod in Adelaide Pink Elephants zone.
5:32 of 3rd period - Minor Penalty to Ryan Suzuki for Holding.
5:33 of 3rd period - Michael Mcleod wins face-off versus AJ Greer in Adelaide Pink Elephants zone.
5:39 of 3rd period - Snap shot by Zachary Sanford.
5:39 of 3rd period - Shot Misses the Net.
5:41 of 3rd period - Snap shot by Jesper Boqvist.
5:41 of 3rd period - Stopped by Dustin Wolf with a rebound.
5:43 of 3rd period - Snap shot by Tobias Bjornfot.
5:43 of 3rd period - Deflect By Zachary Sanford.
5:43 of 3rd period - Stopped by Dustin Wolf with a rebound.
5:45 of 3rd period - Slapshot by Henri Jokiharju.
5:45 of 3rd period - Goal by Henri Jokiharju - Adelaide Pink Elephants : 3 - Santa Cruz Tiger Sharks : 2.
5:46 of 3rd period - Jack Roslovic wins face-off versus Ryan Suzuki in neutral zone.
5:49 of 3rd period - Snap shot by Kailer Yamamoto.
5:49 of 3rd period - Stopped by Dustin Wolf with a rebound.
6:03 of 3rd period - Vincent Iorio is hit by Jacob Bernard-Docker and loses puck.
6:14 of 3rd period - Jesper Boqvist is hit by Fredrik Olofsson and loses puck.
6:58 of 3rd period - Off-side.
6:59 of 3rd period - Matthew Phillips wins face-off versus Kevin Rooney in neutral zone.
7:27 of 3rd period - Off-side.
7:28 of 3rd period - Adam Gaudette wins face-off versus Jesper Boqvist in neutral zone.
7:30 of 3rd period - Kristians Rubins and Nick Cicek fight to a draw.
7:30 of 3rd period - Penalty to Kristians Rubins for Fighting.
7:30 of 3rd period - Penalty to Nick Cicek for Fighting.
7:31 of 3rd period - Jack Roslovic wins face-off versus Ryan Suzuki in Santa Cruz Tiger Sharks zone.
7:40 of 3rd period - Snap shot by Denis Gurianov.
7:40 of 3rd period - Stopped by Joey Daccord with a rebound.
7:56 of 3rd period - Robin Salo is hit by Michael Mcleod and loses puck.
8:03 of 3rd period - Slapshot by Caleb Jones.
8:03 of 3rd period - Stopped by Joey Daccord without a rebound.
8:04 of 3rd period - David Gustafsson wins face-off versus Adam Gaudette in Santa Cruz Tiger Sharks zone.
8:04 of 3rd period - David Gustafsson is hit by Denis Gurianov.
9:37 of 3rd period - Tobias Bjornfot is hit by Zachary Jones and loses puck.
9:45 of 3rd period - Icing by Alex True.
9:46 of 3rd period - Tristen Robins wins face-off versus David Gustafsson in Santa Cruz Tiger Sharks zone.
9:55 of 3rd period - Snap shot by Tristen Robins.
9:55 of 3rd period - Stopped by Joey Daccord with a rebound.
10:03 of 3rd period - Snap shot by David Gustafsson.
10:03 of 3rd period - Shot Misses the Net.
10:05 of 3rd period - Snap shot by Alex True.
10:05 of 3rd period - Deflect By Caleb Jones.
10:05 of 3rd period - Shot Misses the Net.
10:05 of 3rd period - Puck is out of play.
10:06 of 3rd period - Jack Roslovic wins face-off versus Adam Gaudette in Adelaide Pink Elephants zone.
10:54 of 3rd period - Brandon Biro is hit by Ryan Suzuki and loses puck.
11:01 of 3rd period - Snap shot by Ryan Suzuki.
11:01 of 3rd period - Shot Blocked by Vincent Iorio.
11:32 of 3rd period - Minor Penalty to Caleb Jones for Goalie Interference.
11:33 of 3rd period - Jack Roslovic wins face-off versus Matthew Phillips in Adelaide Pink Elephants zone.
11:37 of 3rd period - Wrist shot by Kailer Yamamoto.
11:37 of 3rd period - Shot Blocked by Matthew Phillips.
11:39 of 3rd period - Slapshot by Jack Roslovic.
11:39 of 3rd period - Stopped by Dustin Wolf with a rebound.
11:41 of 3rd period - Wrist shot by Jack Roslovic.
11:41 of 3rd period - Shot Misses the Net.
11:43 of 3rd period - Snap shot by Steven Lorentz.
11:43 of 3rd period - Shot Blocked by Benjamin Gleason.
11:45 of 3rd period - Snap shot by Steven Lorentz.
11:45 of 3rd period - Shot Misses the Net.
11:47 of 3rd period - Snap shot by Hunter Drew.
11:47 of 3rd period - Stopped by Dustin Wolf with a rebound.
11:49 of 3rd period - Wrist shot by Kailer Yamamoto.
11:49 of 3rd period - Shot Misses the Net.
12:03 of 3rd period - Adam Gaudette is hit by Hunter Drew.
12:30 of 3rd period - Penalty to Nick Cicek is over, Nick Cicek is back on ice.
13:32 of 3rd period - Penalty to Caleb Jones is over, Caleb Jones is back on ice.
14:40 of 3rd period - Minor Penalty to Tyler Benson for Hooking.
14:41 of 3rd period - Jack Roslovic wins face-off versus Adam Gaudette in Santa Cruz Tiger Sharks zone.
14:41 of 3rd period - Jack Roslovic is hit by Adam Gaudette.
15:23 of 3rd period - Michael Mcleod is hit by Caleb Jones and loses puck.
16:40 of 3rd period - Penalty to Tyler Benson is over, Tyler Benson is back on ice.
16:47 of 3rd period - Snap shot by Tyler Benson.
16:47 of 3rd period - Shot Misses the Net.
16:49 of 3rd period - Snap shot by Tyler Benson.
16:49 of 3rd period - Shot Blocked by Caleb Jones.
16:51 of 3rd period - Slapshot by Adam Wilsby.
16:51 of 3rd period - Stopped by Dustin Wolf without a rebound.
16:52 of 3rd period - Matthew Phillips wins face-off versus Kevin Rooney in Adelaide Pink Elephants zone.
17:15 of 3rd period - Axel Jonsson-Fjallby is hit by Alex True and loses puck.
17:40 of 3rd period - Wrist shot by Zachary Sanford.
17:40 of 3rd period - Shot Misses the Net.
17:42 of 3rd period - Wrist shot by Adam Wilsby.
17:42 of 3rd period - Shot Blocked by Ville Heinola.
18:02 of 3rd period - Snap shot by Tyler Benson.
18:02 of 3rd period - Shot Blocked by Aatu Raty.
18:04 of 3rd period - Wrist shot by Kevin Rooney.
18:04 of 3rd period - Stopped by Dustin Wolf with a rebound.
18:06 of 3rd period - Slapshot by Sean Day.
18:06 of 3rd period - Shot Misses the Net.
18:08 of 3rd period - Slapshot by Tyler Benson.
18:08 of 3rd period - Shot Misses the Net.
18:10 of 3rd period - Snap shot by Henri Jokiharju.
18:10 of 3rd period - Stopped by Dustin Wolf without a rebound.
18:11 of 3rd period - Adam Gaudette wins face-off versus David Gustafsson in Adelaide Pink Elephants zone.
18:11 of 3rd period - Adam Gaudette is hit by Tobias Bjornfot.
18:31 of 3rd period - Steven Lorentz is hit by Tristen Robins.
18:39 of 3rd period - Santa Cruz Tiger Sharks, Joey Daccord is pulled from the net.
18:55 of 3rd period - Wrist shot by Jack Roslovic.
18:55 of 3rd period - Stopped by Dustin Wolf without a rebound.
18:56 of 3rd period - Joel Bouchard call a timeout for Santa Cruz Tiger Sharks.
18:56 of 3rd period - Adam Gaudette wins face-off versus Jack Roslovic in Adelaide Pink Elephants zone.
19:05 of 3rd period - Snap shot by Kailer Yamamoto.
19:05 of 3rd period - Shot Misses the Net.
19:11 of 3rd period - Tobias Bjornfot is hit by Nick Cicek and loses puck.
19:34 of 3rd period - Wrist shot by Denis Gurianov.
19:34 of 3rd period - Shot Misses the Net.
19:36 of 3rd period - Snap shot by AJ Greer.
19:36 of 3rd period - Deflect By Adam Gaudette.
19:36 of 3rd period - Goal by Adam Gaudette - Adelaide Pink Elephants : 4 - Santa Cruz Tiger Sharks : 2.
19:36 of 3rd period - Joey Daccord from Santa Cruz Tiger Sharks was sent back in the game.
19:37 of 3rd period - David Gustafsson wins face-off versus Tristen Robins in neutral zone.
19:44 of 3rd period - Axel Jonsson-Fjallby is hit by Brandon Biro and loses puck.
19:51 of 3rd period - Snap shot by Brandon Biro.
19:51 of 3rd period - Stopped by Dustin Wolf with a rebound.
19:53 of 3rd period - Wrist shot by Alex True.
19:53 of 3rd period - Stopped by Dustin Wolf without a rebound.
19:54 of 3rd period - Michael Mcleod wins face-off versus Ryan Suzuki in Adelaide Pink Elephants zone.
19:55 of 3rd period - Slapshot by Zachary Sanford.
19:55 of 3rd period - Shot Blocked by Zachary Jones.
19:59 of 3rd period - Wrist shot by Jesper Boqvist.
19:59 of 3rd period - Stopped by Dustin Wolf without a rebound.
Goals for this period are 1 for Adelaide Pink Elephants vs 2 for Santa Cruz Tiger Sharks.
Shots for this period are 6 for Adelaide Pink Elephants vs 19 for Santa Cruz Tiger Sharks.
Back to the Top